Map: [ESL] Data-C

Players

LiquidElazer (Elazer) - Winner!

  • Race: Zerg Zerg
  • Spawn Location: 9:00

Reynor

  • Race: Protoss Protoss
  • Spawn Location: 3:00

Event: HomeStory Cup XXI

VOD

Have the link to the VOD?

Description

Time

  • Played on: July 23, 2022, 4:43 p.m.
  • Length: 9:49

All games in this series

Show
View Real Time Build Order
Export as new Build Order

LiquidElazer Zerg - Winner!

Build Orders: Hatch First 

Get SALT Encoding   

  12  0:00  Drone  
  13  0:12  Overlord  
  13  0:16  Drone  
  14  0:30  Drone x2  
  16  0:47  Hatchery  
  15  0:51  Drone  
  15  0:55  Drone  
  17  0:58  Drone  
  18  1:10  Extractor  
  17  1:13  Spawning Pool  
  17  1:18  Drone  
  17  1:21  Drone  
  18  1:30  Drone  
  19  1:39  Drone  
  20  1:49  Drone  
  21  1:59  Queen x2  
  21  2:00  Zergling x2  
  26  2:01  Overlord  
  26  2:10  Drone x2  
  28  2:16  Metabolic Boost  
  28  2:21  Drone x2  
  30  2:37  Hatchery  
  30  2:42  Queen  
  31  2:44  Drone  
  31  2:46  Drone  
  31  2:50  Overlord  
  33  2:53  Drone  
  33  2:55  Drone  
  33  2:58  Drone  
  36  3:07  Overlord  
  36  3:09  Queen  
  36  3:10  Drone  
  39  3:13  Drone  
  39  3:18  Queen  
  42  3:20  Drone x2  
  42  3:26  Drone x3  
  47  3:30  Spore Crawler  
  46  3:34  Drone  
  46  3:36  Overlord  
  47  3:43  Drone x3  
  50  3:50  Queen  
  50  3:52  Drone x5  
  57  3:59  Queen  
  57  4:01  Drone x2  
  61  4:03  Overlord  
  61  4:10  Drone x2  
  63  4:18  Zergling x2  
  63  4:19  Zergling x4  
  66  4:28  Overlord, Zergling x6  
  66  4:30  Drone x5  
  74  4:34  Extractor  
  74  4:35  Roach Warren, Queen  
  74  4:36  Overlord  
  73  4:47  Drone x5  
  73  4:50  Lair  
  73  4:52  Extractor  
  76  4:55  Drone x3  
  76  4:58  Drone x2  
  76  4:59  Drone x2  
  76  5:02  Drone x3  
  76  5:03  Evolution Chamber  
  76  5:07  Overlord  
  78  5:08  Drone  
  78  5:10  Drone, Extractor  
  79  5:19  Drone x5  
  84  5:23  Drone  
  84  5:27  Drone x3, Extractor  
  86  5:29  Zerg Missile Weapons Level 1  
  86  5:34  Drone x2  
  88  5:41  Extractor, Drone  
  88  5:42  Drone  
  89  5:44  Overlord  
  89  5:45  Hatchery  
  88  5:50  Drone  
  88  5:51  Roach x4  
  88  5:52  Glial Reconstitution  
  88  5:55  Overlord  
  97  5:58  Overlord x2  
  97  5:59  Overlord  
  96  6:09  Overseer  
  96  6:14  Roach x4  
  96  6:18  Roach x5  
  114  6:23  Roach  
  114  6:24  Roach x2  
  120  6:28  Overlord  
  120  6:30  Roach x4  
  128  6:34  Overlord  
  128  6:37  Overlord x2  
  127  6:49  Roach  
  127  6:51  Overlord  
  129  6:55  Roach x3  
  129  6:56  Roach x4  
  143  7:01  Roach  
  143  7:02  Roach x7  
  159  7:10  Roach x4  
  167  7:17  Overlord  
  167  7:19  Ravager  
  167  7:21  Overlord  
  167  7:22  Overlord x2  
  168  7:27  Zerg Missile Weapons Level 2  
  160  7:42  Roach x3  
  160  7:43  Roach x11  
  173  7:46  Roach  
  161  7:53  Roach x5  
  165  7:59  Roach x4  
  170  8:05  Roach  
  170  8:06  Roach x2  
  170  8:11  Ravager x3  
  173  8:15  Roach x5  
  181  8:25  Roach x6  
  181  8:38  Roach x3  
  181  8:39  Roach x5  
  178  8:46  Roach x4  
  184  8:54  Roach  
  184  8:55  Roach x3  
  170  9:04  Roach x6  
  174  9:14  Roach x6  
  175  9:17  Roach x2  
  175  9:27  Roach x6  
  175  9:29  Overlord  
Show
View Real Time Build Order
Export as new Build Order

Reynor Protoss 

Build Orders: 1 Gate Expand, Oracle Opening, Zealot Archon 

Get SALT Encoding   

  12  0:00  Probe  
  13  0:12  Probe  
  14  0:17  Pylon  
  14  0:24  Probe  
  15  0:36  Probe (Chrono Boost)  
  15  0:37  Gateway  
  16  0:43  Assimilator  
  16  0:48  Probe (Chrono Boost)  
  17  0:55  Probe (Chrono Boost)  
  18  1:03  Probe  
  19  1:15  Probe  
  20  1:26  Nexus  
  20  1:36  Cybernetics Core  
  20  1:39  Probe  
  21  1:45  Assimilator  
  21  1:51  Probe  
  22  1:56  Pylon  
  22  2:03  Probe  
  23  2:11  Adept (Chrono Boost)  
  25  2:15  Probe  
  25  2:19  Stargate  
  26  2:25  Warp Gate  
  26  2:28  Probe  
  27  2:34  Adept  
  29  2:38  Probe (Chrono Boost)  
  29  2:43  Probe (Chrono Boost)  
  31  2:50  Probe (Chrono Boost)  
  32  2:55  Probe x2 (Chrono Boost)  
  34  2:59  Oracle (Chrono Boost)  
  34  3:04  Probe  
  38  3:06  Probe  
  39  3:13  Gateway  
  39  3:16  Probe  
  39  3:18  Probe  
  41  3:24  Pylon  
  41  3:26  Oracle (Chrono Boost)  
  41  3:29  Probe  
  41  3:32  Probe  
  46  3:42  Probe  
  47  3:49  Nexus  
  47  3:51  Pylon  
  47  3:53  Probe  
  47  3:55  Oracle (Chrono Boost)  
  48  4:00  Probe  
  52  4:05  Assimilator  
  52  4:10  Probe  
  52  4:11  Pylon  
  52  4:15  Probe  
  52  4:17  Adept x2  
  58  4:22  Probe  
  59  4:26  Assimilator  
  59  4:27  Probe  
  60  4:33  Twilight Council  
  60  4:35  Probe, Forge  
  61  4:39  Probe  
  61  4:40  Sentry  
  64  4:47  Probe  
  64  4:49  Sentry  
  64  4:51  Probe  
  64  4:59  Probe  
  62  5:03  Probe  
  62  5:04  Protoss Ground Weapons Level 1  
  62  5:06  Gateway  
  62  5:07  Stalker  
  65  5:08  Shield Battery, Gateway  
  65  5:10  Probe (Chrono Boost)  
  65  5:11  Probe (Chrono Boost)  
  65  5:12  Blink (Chrono Boost)  
  70  5:21  Probe (Chrono Boost)  
  70  5:22  Probe (Chrono Boost)  
  70  5:23  Probe (Chrono Boost)  
  70  5:27  Stalker, Probe (Chrono Boost)  
  73  5:29  Probe x2 (Chrono Boost)  
  75  5:36  Probe (Chrono Boost)  
  75  5:37  Stalker  
  75  5:39  Probe (Chrono Boost)  
  75  5:40  Pylon  
  80  5:43  Assimilator  
  80  5:45  Probe (Chrono Boost), Assimilator  
  80  5:48  Probe (Chrono Boost)  
  81  5:50  Stalker  
  81  5:51  Probe (Chrono Boost)  
  81  5:54  Templar Archives, Probe (Chrono Boost)  
  85  5:57  Probe  
  85  6:00  Stalker  
  85  6:01  Stalker, Probe  
  90  6:04  Probe  
  90  6:09  Probe  
  91  6:14  Psionic Storm  
  91  6:15  Pylon  
  91  6:16  Probe  
  91  6:17  Probe  
  93  6:19  Pylon  
  93  6:33  Probe x2  
  93  6:39  Probe  
  95  6:45  Nexus, Photon Cannon  
  95  6:48  Pylon, Probe x2  
  95  6:49  Phoenix, High Templar x3  
  95  6:52  Probe  
  103  6:56  Photon Cannon  
  103  6:58  Stalker, Shield Battery  
  103  7:00  Probe  
  106  7:01  Probe  
  106  7:02  Photon Cannon  
  106  7:03  Shield Battery  
  106  7:04  Probe  
  108  7:12  Probe  
  108  7:14  Probe  
  108  7:15  Photon Cannon, Shield Battery  
  110  7:21  High Templar  
  110  7:22  Gateway x2, High Templar  
  114  7:26  High Templar  
  114  7:28  Probe  
  117  7:30  Gateway  
  117  7:32  Pylon  
  113  7:41  Probe, Archon x2  
  113  7:43  Stalker  
  104  7:48  Probe x2  
  99  7:53  Probe  
  99  7:54  Stalker x2  
  94  7:59  Stalker  
  94  8:00  Probe x3  
  94  8:05  Probe  
  96  8:07  Stalker  
  96  8:08  Pylon  
  96  8:12  Probe  
  95  8:20  Stalker x4, Oracle (Chrono Boost)  
  100  8:27  Stalker x2  
  100  8:32  Stalker  
  106  8:37  Probe x3  
  106  8:39  Pylon  
  101  8:43  Stalker x4  
  98  8:49  Probe  
  98  8:53  Stalker  
  98  8:55  Probe x2  
  99  8:57  Probe  
  99  9:01  Probe  
  93  9:06  Stalker x3  
  91  9:16  Probe  
  84  9:19  Stalker  
  81  9:27  Stalker x2  
  81  9:29  Stalker  
  81  9:30  Probe x2  
  81  9:31  Probe  
Tags
 
Add a new tag
Caveats
  • Supply blocks, unpowered buildings, or Contaminate may cause inaccurate times.
  • Supply counts are checked every 10 seconds.